[Event "SixDays Budapest March IM C 2025"]
[Site "Budapest"]
[Date "2025.03.26"]
[Round "4.1"]
[White "Nemeth, Zoltan"]
[Black "Sanjay Narayanan P S"]
[Result "1/2-1/2"]
[Annotator "TA"]
[ECO "D32"]
[WhiteElo "2188"]
[BlackElo "2169"]
[PlyCount "44"]
[EventDate "2025.03.23"]
[EventCountry "HUN"]
[SourceTitle "playchess.com"]
[Source "ChessBase"]
[SourceQuality "1"]
[TimeControl "5400+30"]

1. d4 d5 2. c4 e6 3. Nc3 c5 4. cxd5 exd5 5. Nf3 Nf6 6. Bg5 Be7 7. dxc5 Be6 8. e3 Nc6 9. Bb5 O-O 10. O-O Bxc5 11. Bxf6 {[%emt 0:00:17] D32: Tarrasch Defence: Sidelines and lines without g3.} Qxf6 12. Nxd5 Qxb2 {[%emt 0:01:14] [#] White must now prevent ...Bxd5.} 13. Nc7 {[%emt 0:00:07] White is better. Excellent horsemanship.} Rac8 14. Nxe6 fxe6 15. Bxc6 $146 (15. Qb3 $16 Qxb3 16. axb3) ({Predecessor:} 15. Bc4 Qf6 16. Qd7 Rfe8 17. Rac1 b6 18. Ba6 Red8 19. Bxc8 Rxd7 20. Bxd7 Ne5 21. Nxe5 Qxe5 {1-0 Klauner,T (2439)-Burne,N (2468) olm21 final email 2020 [5]}) 15... Rxc6 $14 16. Rb1 Qxa2 17. Rxb7 Rd6 18. Qc1 Qd5 19. Rb5 Rc6 20. Nd4 Bxd4 {[%emt 0:03:19] The position is equal.} 21. Rxd5 Rxc1 22. Rxd4 Rxf1+ {[%emt 0:02:30] Weighted Error Value: White=0.15 (very precise) /Black=0.05 (flawless)   Mistake:       	White=1     	---        Inaccurate:     	White=2     	---        OK:         	White=6     	Black=7      Best:        	White=2     	---} 1/2-1/2

[Event "SixDays Budapest March IM C 2025"]
[Site "Budapest"]
[Date "2025.03.26"]
[Round "4.2"]
[White "Lau, Lut Yin Luke"]
[Black "Steiners, Emils"]
[Result "1-0"]
[Annotator "NA"]
[ECO "B22"]
[WhiteElo "2240"]
[BlackElo "2165"]
[PlyCount "95"]
[EventDate "2025.03.23"]
[EventCountry "HUN"]
[SourceTitle "playchess.com"]
[Source "ChessBase"]
[SourceQuality "1"]
[TimeControl "5400+30"]

1. e4 c5 2. c3 Nf6 3. e5 Nd5 4. Nf3 Nc6 5. Bc4 Nb6 6. Bb3 d5 7. exd6 Qxd6 8. O-O Bf5 9. d4 $14 cxd4 10. Nxd4 Nxd4 11. cxd4 g6 12. Bg5 h6 13. Bh4 Bg7 14. Re1 g5 15. Bg3 Qxd4 16. Qf3 Qc5 17. Nc3 O-O 18. Rac1 Qa5 19. Rxe7 Bf6 20. Rxb7 g4 21. Qe3 Bg5 22. Bf4 Rae8 23. Bxf7+ Rxf7 24. Qxe8+ Rf8 25. Qe3 Bxf4 26. Qxf4 Bc8 27. Qe4 Bxb7 28. Qxb7 Qc5 29. Rf1 Nc4 30. Qb3 Rf7 31. Ne4 Qd4 32. Rc1 Nd2 33. Nxd2 Qxf2+ 34. Kh1 Qxd2 35. Rf1 Qd7 36. Qxf7+ Qxf7 37. Rxf7 Kxf7 38. Kg1 Ke6 39. Kf2 Kf5 40. Ke3 Ke5 41. b4 h5 42. g3 Kd5 43. Kd3 Ke5 44. a4 Kd5 45. b5 Kc5 46. Kc3 a6 47. bxa6 Kb6 48. Kd4 1-0

[Event "SixDays Budapest March IM C 2025"]
[Site "Budapest"]
[Date "2025.03.26"]
[Round "4.3"]
[White "Georgiadis, Anastasios"]
[Black "Szeberenyi, Adam"]
[Result "1-0"]
[Annotator "TA"]
[ECO "D35"]
[WhiteElo "2229"]
[BlackElo "2294"]
[PlyCount "75"]
[EventDate "2025.03.23"]
[EventCountry "HUN"]
[SourceTitle "playchess.com"]
[Source "ChessBase"]
[SourceQuality "1"]
[TimeControl "5400+30"]

1. d4 d5 2. c4 e6 3. Nc3 Nf6 4. cxd5 exd5 5. Bg5 c6 6. e3 Bf5 7. Qf3 Bg6 8. Bxf6 Qxf6 9. Qxf6 gxf6 10. Nge2 Nd7 {[%emt 0:00:10] D35: Queen's Gambit Declined: Exchange Variation.} 11. Nf4 Bd6 12. g3 a5 {[%emt 0:00:13] The position is equal.} 13. Be2 $146 ({Predecessor:} 13. h4 h5 14. Rc1 a4 15. a3 Ke7 {½-½ Mikrut,D (2312)-Plat,V (2476) POL-chT Ekstraliga 2023 (5.3)}) 13... a4 14. Rc1 Nb6 15. a3 Ke7 16. h4 h5 17. f3 Rhd8 18. Kf2 Nc4 $2 {[%emt 0:10:43][%mdl 8192] [#] Loses the game.} ({Black should try} 18... f5 $14) 19. Nfxd5+ $1 cxd5 (19... Kf8 20. Bxc4) 20. Nxd5+ Kf8 21. Bxc4 b5 22. Ba2 (22. Bxb5 Rdb8 23. Be2 (23. Nc3 Ra5 $18) 23... Rxb2 $16) 22... Rab8 23. Nb4 ({Weaker is} 23. Nxf6 b4 24. axb4 Rxb4 $14) 23... Rbc8 24. Rhd1 Bxb4 25. axb4 Bc2 26. Rd2 Bb3 27. Rxc8 Rxc8 28. Bxb3 axb3 $18 {[%emt 0:00:03][%mdl 4096] Endgame KR-KR. White is two pawns up.} 29. e4 Rc4 30. Ke3 Rxb4 31. Rd3 {[%emt 0:00:38] White is clearly winning.} Ke7 32. d5 {[%emt 0:04:54] [#]} Kd6 (32... Rc4 $142 33. Rxb3 f5 34. Rxb5 fxe4 35. fxe4 f5 36. exf5 Rg4) 33. Rd4 Ra4 34. Rxa4 bxa4 35. Kd3 {[%emt 0:00:05] And now Kd2 would win.} ({But not} 35. Kd4 $2 a3 36. bxa3 b2 $19) 35... f5 36. exf5 Kxd5 37. Kc3 Ke5 38. Kb4 {[%emt 0:00:49] Weighted Error Value: White=0.24 (precise) /Black=0.83  Loses game:     	---       	Black=1      Mistake:       	---       	Black=1      Inaccurate:     	---       	Black=1      OK:         	White=11    	Black=6      Best:        	White=1     	---} 1-0

[Event "SixDays Budapest March IM C 2025"]
[Site "Budapest"]
[Date "2025.03.26"]
[Round "4.4"]
[White "Mou, Iris"]
[Black "Balla, Tamas-Kristof"]
[Result "0-1"]
[Annotator "TA"]
[ECO "B40"]
[WhiteElo "2209"]
[BlackElo "2320"]
[PlyCount "164"]
[EventDate "2025.03.23"]
[EventCountry "HUN"]
[SourceTitle "playchess.com"]
[Source "ChessBase"]
[SourceQuality "1"]
[TimeControl "5400+30"]

1. e4 c5 2. Nf3 e6 3. b3 b6 4. d4 cxd4 5. Nxd4 Bb7 6. Nd2 {[%emt 0:00:13] B40: Sicilian: 2...e6, Unusual lines.} Nc6 7. Nxc6 Bxc6 8. Bb2 {[%emt 0:00:11] White has an edge. Against Qf6} d5 9. e5 $146 (9. Bd3 Nf6 10. exd5 Qxd5 11. Qe2 Qa5 12. O-O Be7 13. a4 Qd5 14. Nf3 O-O 15. Rfd1 {½-½ Idani,P (2605)-Nitish,B (2449) Aktobe Dvorkovich op 2024 (5)}) 9... Bc5 10. Bd3 Ne7 11. Qg4 {[%emt 0:06:00][%cal Ob3b4] Black must now prevent b4!.} h5 12. Qg3 g6 13. h4 Nf5 14. Bxf5 gxf5 15. Nf3 Qe7 16. c3 (16. O-O $14) 16... O-O-O $2 (16... Qc7 $11) 17. Bc1 ({White must play} 17. b4 $1 $16 ) 17... Rdg8 18. Bg5 Qc7 19. Qf4 Bb5 20. Qd2 (20. a4 $11 Bd3 21. b4) 20... Ba3 (20... d4 $1 $15 21. cxd4 (21. Nxd4 Qxe5+ 22. Kd1 Rd8 $15) 21... Ba3) 21. b4 ({White should try} 21. Rb1 $11) 21... Rg6 (21... d4 $15 22. Nxd4 Qxe5+ 23. Qe3 Qxe3+ 24. fxe3 Ba4 (24... Bb2 25. Nxb5 Bxa1 26. Kf2 $16)) 22. Rb1 $1 $16 Bc4 {[%emt 0:01:57] Wards off Rb3} 23. Qc2 b5 {[%emt 0:01:48] Prevents Qa4} (23... Kb8 {simplifies} 24. Rb3 Rxg5 25. hxg5 Bxb3 26. Qxb3 Bc1) 24. Qd2 $2 (24. Rb3 $1 $14 Bxb3 25. Qxb3 Rxg5 26. hxg5) 24... Kd7 ({Better is} 24... Kb7 $17 25. Qe3 a5) 25. Qe3 $1 $11 a5 {[%emt 0:03:40] Active counter play!} 26. Nd2 (26. Nd4 $11 {keeps the balance.} axb4 27. cxb4) 26... Ra8 $1 $17 {[%emt 0:04:12] Really sharp!} (26... Bxa2 $2 27. Ra1 $18) 27. Nxc4 Qxc4 28. bxa5 {[%csl Oa2,Oa5,Oc3] White has weak pawns} (28. Qb6 $142 Qxc3+ (28... axb4 $2 29. Qb7+ Qc7 30. Qxa8 $18) 29. Kf1) 28... Bc5 29. Qe2 Rxa5 (29... Qxc3+ 30. Kf1 Rxa5 31. Bd2 $18) 30. Qxc4 dxc4 31. Rb2 Rg8 32. Ke2 Rga8 33. Rd1+ Kc6 34. Rdd2 Ra3 (34... R5a7 $142 $1 35. Rbc2 Rd7) 35. Rbc2 R8a7 36. Kd1 Rd7 37. Rxd7 Kxd7 {[%emt 0:00:01][%mdl 4096] Endgame KRB-KRB} 38. Bc1 Ra8 39. Bg5 Kc6 40. f3 Kd5 41. Bf6 Be3 42. Rb2 Kc6 43. Ke2 Bf4 44. Kf2 Ra3 45. Rc2 {[%emt 0:00:14] [#]} Kd5 (45... b4 $1 $19 {[%cal Rb4b3] has better winning chances. ...b3 would now be deadly.} 46. cxb4 Be3+ (46... Kb5 $2 47. Bg7 $17) 47. Kf1 Kb5) 46. Bg7 $2 {[%emt 0:01:02][%mdl 8192] [#]} (46. g3 $17 {was the crucial defense.} Bh6 (46... Bxe5 $2 47. Rd2+ Kc6 48. Bxe5 $18) 47. Be7) 46... b4 $1 $19 (46... Bxe5 $2 47. Rd2+ $18) 47. cxb4 c3 (47... Bxe5 $2 48. Rd2+ Rd3 49. Rxd3+ cxd3 50. Bxe5 Kxe5 51. Ke3 f4+ 52. Kxd3 $18) 48. Ke2 Kc4 (48... Bxe5 49. Bxe5 Kxe5 50. Kd3 $17) 49. Bf8 Bxe5 50. Be7 Bd4 51. f4 (51. Kd1 $142) 51... Ra8 52. Bc5 (52. Kd1 $142) 52... Bxc5 53. bxc5 {[%emt 0:00:04] KR-KR} Rc8 54. Ke3 Rxc5 (54... Kxc5 $2 {loses.} 55. Rxc3+ Kb6 56. Rxc8 $18) 55. g3 Ra5 56. Re2 Ra3 57. Rc2 f6 58. Re2 e5 59. fxe5 fxe5 60. Rf2 c2+ 61. Kd2 Rxg3 62. Rxf5 Rg2+ 63. Kc1 e4 {[%emt 0:00:42] ( -> ...e3)} 64. Rf8 e3 65. Rc8+ Kd3 66. Rd8+ Ke2 67. Re8 Kd3 68. Rd8+ Ke2 69. Re8 $1 Rg4 (69... Kf3 $142 70. Rf8+ Kg3 (70... Ke4 $2 71. Re8+ Kf4 72. Rf8+ Kg3 73. Rf1 $19) 71. Rf1 Kh2 (71... Kxh4 $2 72. Re1 $19) 72. Rf8 e2 73. Re8 Rg1+ 74. Kxc2 e1=Q (74... e1=B 75. Re5 $15) (74... e1=R $2 75. Rh8 $19) 75. Rxe1 Rxe1 76. Kd2 Ra1 77. Kc3 Rxa2 (77... Rc1+ $2 78. Kb4 $19) 78. Kb4 Kg3 79. Kc4 Rh2 (79... Kxh4 {is a self mate.} 80. Kd3 Kg4 81. Ke4 Rg2 82. Kd5 h4 83. Ke5 h3 84. Ke6 Rd2 85. Kf6 h2 86. Kf7 h1=Q 87. Kg7 Qf3 88. Kh6 Rd7 89. Kg6 Qc6#) 80. Kd5 Rxh4 (80... Kxh4 81. Ke4 Kg3 82. Kd4 Rd2+ 83. Ke4 h4 84. Ke3 Rd8 85. Ke4 h3 86. Kf5 h2 87. Kf6 h1=Q 88. Ke7 Rd3 89. Kf7 Qc6 90. Kf8 Rd7 91. Kg8 Qc8#) 81. Kc5 Rg4 82. Kc6 h4 83. Kd7 h3 84. Kd6 h2 85. Ke5 h1=Q (85... h1=R 86. Ke6 Rd1 87. Kf6 Rd6+ 88. Ke7 Rb6 89. Kf7 Ra4 90. Kf8 Rb7 91. Kg8 Ra8#) 86. Ke6 Qc6+ 87. Ke7 Rg7+ 88. Kf8 Qf6+ 89. Ke8 Qe7#) 70. Kxc2 Rc4+ {[%emt 0:00:04] Black mates.} 71. Kb3 Rxh4 72. a4 Rf4 73. a5 Kf2 74. a6 Rf7 75. Re5 e2 76. a7 Rxa7 (76... e1=B 77. a8=Q (77. a8=B h4 $11) 77... Rf3+ 78. Kc2 Rc3+ 79. Kb2 $18) 77. Rf5+ Ke1 78. Rxh5 Rf7 79. Kc2 Kf1 80. Rh1+ Kg2 81. Re1 Kf2 82. Kd2 Rd7+ {[%emt 0:00:06] Weighted Error Value: White=0.53/Black=0.28 (precise)   Loses game:     	White=1     	---        Mistake:       	White=9     	Black=6      Inaccurate:     	White=5     	Black=3      OK:         	White=15    	Black=13     Best:        	White=3     	---        Strong:       	White=3     	Black=2} 0-1

[Event "SixDays Budapest March IM C 2025"]
[Site "Budapest"]
[Date "2025.03.26"]
[Round "4.5"]
[White "Bashirov, Kemal"]
[Black "Arias Gaviria, Mario Alexis"]
[Result "1-0"]
[Annotator "TA"]
[ECO "B00"]
[WhiteElo "2336"]
[BlackElo "2284"]
[PlyCount "119"]
[EventDate "2025.03.23"]
[EventCountry "HUN"]
[SourceTitle "playchess.com"]
[Source "ChessBase"]
[SourceQuality "1"]
[TimeControl "5400+30"]

1. e4 Nc6 2. d4 d5 3. e5 Bf5 4. Nf3 e6 5. Be2 Nge7 6. c3 {[%emt 0:03:04] B00: Queen's Fianchetto Defence, Nimzowitsch Defence.} f6 7. Bf4 Ng6 8. Bg3 {[%emt 0:02:07] The position is equal.} Bxb1 $146 (8... fxe5 $11 9. dxe5 h5) ({Predecessor:} 8... fxe5 9. Nxe5 Ngxe5 10. dxe5 Qd7 11. O-O O-O-O 12. b4 g5 13. b5 Na5 14. Qd4 b6 {0-1 Pacheco Lugo,A (2127)-Vusatiuk,V (2308) Titled Tuesday intern op 19th Apr Early blitz 2022 (7)}) 9. Rxb1 $16 Qd7 10. Bd3 f5 11. b4 Nd8 12. h4 Ne7 13. Nd2 Nc8 14. a4 {[%emt 0:02:48] White is much more active.} a5 15. b5 Nb6 16. h5 (16. Bf4 $16) 16... Nf7 $14 17. Bf4 Be7 18. Ra1 Bg5 19. Qf3 Bxf4 20. Qxf4 Qe7 21. Nb3 Nd7 22. O-O Qg5 23. Qxg5 Nxg5 24. c4 dxc4 25. Bxc4 f4 26. Rfc1 Ke7 27. Bd3 Rhc8 28. Rc2 Ra7 {[%emt 0:09:30] [#]} ({Black should play} 28... Nb6 29. Nc5 Ra7) 29. Rac1 $1 $16 Kd8 30. f3 Nb6 31. Nc5 $36 {[%emt 0:00:40][%mdl 2048] White is on the roll.} h6 (31... Ke7 $16 32. Kh2 h6) 32. Kf2 Ke7 33. Be4 Rd8 34. Nb3 (34. Nxb7 $2 Nxe4+ (34... Rxd4 $2 35. Rxc7+ Rd7 36. Rxd7+ Kxd7 37. Rd1+ Ke7 38. Nd8 $18) 35. fxe4 Rxb7 $19) 34... Nxe4+ 35. fxe4 Nxa4 $2 (35... c6 {is a better defense.} 36. bxc6 bxc6 37. Rxc6 Nxa4 38. Rc7+ Rxc7 39. Rxc7+ Kf8) 36. Ra1 (36. Rxc7+ $142 Kf8 37. Kf3) 36... Nb6 $18 37. Rxc7+ Rd7 $2 (37... Kf8 38. Nc5 (38. Rxa5 Rxa5 39. Nxa5 Rxd4 $18) 38... Re8 39. Rxb7 Rxb7) 38. Rxd7+ Kxd7 39. Rxa5 ({Less strong is} 39. Nxa5 Nc4 40. Nb3 Rxa1 41. Nxa1 Nd2 $14) 39... Rxa5 40. Nxa5 {[%emt 0:00:03][%mdl 4096] Endgame KN-KN. White is a pawn up.} Kc7 41. Kf3 Na4 (41... Kb8 $142 42. Nb3 (42. Kxf4 Na4 $18) 42... Nd7 43. Kxf4 Kc8) 42. Nc4 Nc3 43. Nd6 Kb6 44. Kxf4 Nxb5 (44... Kc7 $142 45. Ke3 Na4 46. Ne8+ Kd7 47. Nxg7 Nc3) 45. Nxb5 Kxb5 {[%emt 0:00:02] KP-KP. White is a pawn up.} 46. d5 Kb6 47. Ke3 {[%emt 0:00:48] Hoping for Kd4.} Kc5 48. d6 Kc6 49. Kd4 Kb6 50. Kc4 Kc6 51. Kb4 Kb6 52. Ka4 Kc6 53. Ka5 b5 54. g3 $2 (54. g4 {mates} b4 55. Kxb4 Kb6 56. Ka4 Kc6 57. Ka5 Kc5 58. d7 Kd4 59. d8=Q+ (59. d8=R+ Kxe5 60. Rd7 Kf6 $18) 59... Kxe5 60. Qc7+ Kxe4 61. Qxg7) 54... b4 $2 {[%emt 0:00:19][%mdl 8192] [#] This costs Black the game.} (54... Kb7 $16 55. Kxb5 Kc8 56. Kc6 Kd8 57. d7 (57. g4 g5 58. hxg6 Ke8 59. d7+ Ke7 60. Kc7 Kf8 61. d8=Q+ Kg7 62. Qf6+ Kg8 63. Qf7+ Kh8 64. Qh7#) 57... g6 58. hxg6 Ke7 59. g4 (59. Kc7 Kf8 60. d8=Q+ Kg7 61. Qf6+ Kg8 62. Qf7+ Kh8 63. Qh7#) 59... Kf8 60. d8=Q+ (60. d8=R+ Kg7 $18) 60... Kg7 61. Qf6+ Kg8 62. Qf7+ Kh8 63. Qh7#) 55. Kxb4 Kb6 56. Ka4 Kc6 57. Ka5 {[%emt 0:00:03] Intending g4 and mate.} Kd7 58. Kb6 {[%emt 0:00:02] White mates.} Kd8 59. Kc6 Kc8 60. d7+ {[%emt 0:00:05] Weighted Error Value: White=0.29 (precise) /Black=0.84  Mistake:       	White=2     	Black=7      Inaccurate:     	White=2     	---        OK:         	White=15    	Black=16     Best:        	White=2     	Black=3      Strong:       	White=1     	---} 1-0